Map: 贝克特工业-天梯版

Players

玩家2 - Winner!

  • Race: Zerg Zerg

CommandeR

  • Race: Protoss Protoss
  • League: Diamond

VOD

Have the link to the VOD?

Description

Time

  • Played on: March 6, 2022, 8:56 p.m.
  • Length: 5:40
Show
View Real Time Build Order
Export as new Build Order

玩家2 Zerg - Winner!

Build Orders: Pool Only 

Get SALT Encoding   

  12  0:01  Drone  
  13  0:12  Overlord  
  13  0:17  Drone  
  14  0:34  Spawning Pool  
  13  0:37  Drone  
  13  0:41  Extractor  
  13  0:44  Drone  
  14  0:52  Overlord  
  14  1:21  Zergling x2, Queen  
  17  1:31  Roach Warren  
  16  1:33  Extractor  
  16  1:36  Drone  
  16  1:44  Drone  
  17  1:50  Zergling x2  
  18  2:03  Drone  
  19  2:10  Drone  
  20  2:18  Zergling x2  
  20  2:19  Drone  
  22  2:28  Overlord  
  22  2:33  Drone  
  23  2:40  Drone  
  24  2:47  Roach, Drone  
Show
View Real Time Build Order
Export as new Build Order

CommandeR Protoss 

Build Orders: 1 Gate Expand 

Get SALT Encoding   

  12  0:00  Probe  
  13  0:12  Probe  
  14  0:19  Pylon  
  14  0:24  Probe  
  15  0:37  Probe (Chrono Boost)  
  15  0:38  Gateway  
  16  0:48  Assimilator  
  16  0:49  Probe (Chrono Boost)  
  17  0:54  Probe (Chrono Boost)  
  18  1:04  Probe  
  19  1:16  Probe  
  20  1:24  Nexus  
  20  1:34  Cybernetics Core  
  20  1:39  Probe  
  21  1:47  Assimilator  
  21  1:51  Probe  
  21  1:52  Pylon  
  22  2:03  Probe  
  22  2:08  Adept (Chrono Boost)  
  23  2:15  Probe (Chrono Boost)  
  26  2:23  Stargate  
  26  2:27  Probe (Chrono Boost)  
  27  2:32  Warp Gate  
  27  2:36  Probe (Chrono Boost)  
  29  2:38  Probe (Chrono Boost)  
  29  2:41  Stalker  
  29  2:43  Probe (Chrono Boost)  
  33  2:52  Probe (Chrono Boost)  
  33  2:55  Probe (Chrono Boost)  
  34  3:01  Void Ray (Chrono Boost)  
  34  3:02  Probe (Chrono Boost)  
  34  3:03  Probe (Chrono Boost)  
  40  3:31  Robotics Facility  
  40  3:36  Pylon  
  40  3:49  Twilight Council  
  40  3:55  Gateway  
  40  3:57  Gateway  
  40  3:59  Gateway  
  40  4:01  Gateway  
  40  4:04  Gateway  
  40  4:06  Gateway  
  40  4:18  Charge (Chrono Boost)  
  40  4:19  Warp Prism (Chrono Boost)  
  42  4:30  Zealot  
  44  4:37  Gateway  
  44  4:39  Pylon x2  
  44  4:41  Pylon  
  44  4:45  Pylon  
  44  4:51  Zealot  
  46  5:10  Zealot x5  
  46  5:11  Zealot x2  
  60  5:30  Zealot  
  60  5:31  Zealot x6  
  74  5:35  Zealot  
Tags
 
Add a new tag
Caveats
  • Supply blocks, unpowered buildings, or Contaminate may cause inaccurate times.
  • Supply counts are checked every 10 seconds.